 Dungeon Crawl Stone Soup version 0.21.1-1-g345015f (webtiles) character file.

1851 empire the Cleaver (level 8, -3/66 HPs)
             Began as a Minotaur Fighter on Apr 25, 2018.
             Was a Believer of Cheibriados.
             Killed from afar by an orc wizard (7 damage)
             ... with a magic dart
             ... on level 6 of the Dungeon.
             The game lasted 00:10:41 (5070 turns).

empire the Cleaver (Minotaur Fighter)               Turns: 5070, Time: 00:10:42

Health: -3/66      AC: 13    Str: 28    XL:     8   Next: 88%
Magic:  7/7        EV:  7    Int: 10    God:    Cheibriados [**....]
Gold:   249        SH:  0    Dex: 15    Spells: 7/7 levels left

rFire    . . .     SeeInvis .   b - +3 battleaxe (freeze)
rCold    . . .     Gourm    .   (shield currently unavailable)
rNeg     . . .     Faith    .   l - +0 plate armour
rPois    .         Spirit   .   (helmet restricted)
rElec    .         Reflect  .   (no cloak)
rCorr    .         Harm     +   (no gloves)
MR       .....                  (no boots)
Stlth    ..........             k - amulet of harm
HPRegen  0.21/turn              (no ring)
MPRegen  0.10/turn              (no ring)

@: very slow
A: retaliatory headbutt, horns 2
a: Bend Time, Renounce Religion


You were on level 6 of the Dungeon.
You worshipped Cheibriados.
Cheibriados was pleased with you.
You were not hungry.

You visited 2 branches of the dungeon, and saw 10 of its levels.
You also visited: Ossuary.

You collected 249 gold pieces.

Inventory:

Hand Weapons
 a - a +0 war axe
 b - a +3 battleaxe of freezing (weapon)
 r - a +2 halberd
 t - a +3 hand axe
 y - a cursed -1 scimitar
Missiles
 q - 4 exploding tomahawks (quivered)
 A - 8 javelins
Armour
 c - a +0 shield
 l - a +0 plate armour (worn)
 F - a +0 scale mail
Magical Staves
 p - an uncursed staff of death {unknown}
Jewellery
 k - an amulet of harm (around neck)
 G - an uncursed ring of ice
 I - an uncursed ring of magical power {unknown}
Wands
 u - a wand of polymorph (10)
 v - a wand of disintegration (9)
 E - a wand of flame (14)
Scrolls
 d - 2 scrolls of amnesia
 e - 5 scrolls of teleportation
 h - a scroll of blinking {unknown}
 i - 3 scrolls of remove curse
 j - 2 scrolls of fear
 m - a scroll of enchant weapon {unknown}
 n - 2 scrolls of fog
 o - a scroll of immolation {unknown}
Potions
 g - a potion of might
 s - a potion of brilliance
 w - a potion of cancellation
 z - a potion of heal wounds {unknown}
 C - a potion of ambrosia {unknown}
 D - a potion of mutation {unknown}
 H - a potion of degeneration {unknown}
 J - a potion of curing {unknown}
Books
 K - a book of Changes

   Spells                             Type                      Level
   a - Beastly Appendage              Transmutation                1
   b - Sticks to Snakes               Transmutation                2
   c - Spider Form                    Transmutation/Poison         3
   d - Ice Form                       Ice/Transmutation            4
   e - Blade Hands                    Transmutation                5
Comestibles
 f - 18 rations
 B - a chunk of flesh


   Skills:
 + Level 3.7 Fighting
 * Level 10.6 Axes
 + Level 2.8 Throwing
 + Level 8.2 Armour
 - Level 5.0 Shields


You had 7 spell levels left.
You didn't know any spells.

Dungeon Overview and Level Annotations

Branches:
Dungeon (9/15)             Temple (1/1) D:4
   Lair: D:8-11         Orc: D:9-12

Altars:
Ashenzari
Cheibriados
Dithmenos
Elyvilon
Fedhas
Gozag
Hepliaklqana
Kikubaaqudgha
Makhleb
Nemelex Xobeh
Okawaru
Qazlal
Ru
Sif Muna
Trog
Uskayaw
Vehumet
Wu Jian
Xom
Yredelemnul
Zin
The Shining One


Innate Abilities, Weirdness & Mutations

You reflexively headbutt those who attack you in melee.
You have a pair of horns on your head.


Message History

The orc wizard casts a spell at you. The magic dart hits you!
The orc priest looks braver for a moment.
The orc wizard gestures at you while chanting.
The puff of frost hits you!
* * * LOW HITPOINT WARNING * * *
You see here a worker ant corpse.
The wight hits you with an enchanted falchion.
* * * LOW HITPOINT WARNING * * *
There is a stone staircase leading down here.
It was a potion of cancellation.
You feel magically purged. The orc wizard barely misses you.
You furiously retaliate!
You headbutt the orc wizard! The wight barely misses you.
You furiously retaliate!
You headbutt the wight!
The orc wizard points at you and mumbles some strange words.
The puff of frost hits you!
It was a potion of magic.
Magic courses through your body.
The orc wizard gestures at you while chanting.
The magic dart hits you!
You die...

#######
##.....##
#.......#
##.......#
#.......##
#.......#
#.......#
##.o...##
#@zz.#########
####..........
##........##
#..########
#o##
zz..z..?.#
..........#
.....o.....#
...........#


You could see 2 wights and an orc wizard.

Vanquished Creatures
  Grinder (D:4)
  2 wraiths (Ossuary)
  Eustachio (D:4)
  Edmund (D:4)
  Duvessa (D:5)
  2 ogres (D:5)
  Blork the orc (D:4)
  Dowan (D:5)
  A scorpion (D:4)
  3 wights (Ossuary)
  A crimson imp (D:5)
  3 orc priests
  A hound (D:4)
  2 orc wizards
  A worker ant (D:6)
  2 hound zombies
  A howler monkey zombie (D:9)
  A howler monkey skeleton (D:4)
  2 gnolls (D:3)
  10 adders
  2 shadow imps
  2 oozes
  2 adder skeletons
  3 worms
  2 dart slugs (D:1)
  2 leopard geckos (D:3)
  15 orcs
  5 giant cockroaches
  11 goblins
  8 hobgoblins
  7 jackals (D:5)
  4 quokkas (D:3)
  A ball python (D:3)
  A ball python skeleton (Ossuary)
  A bat (D:2)
  5 frilled lizards
  A goblin zombie (D:4)
  2 hobgoblin skeletons (Ossuary)
  A hobgoblin zombie (Ossuary)
  A jackal skeleton (D:4)
  6 kobolds
  An orc skeleton (Ossuary)
  2 orc zombies (Ossuary)
  A quokka zombie (D:4)
  12 rats
  A plant (D:3)
137 creatures vanquished.

Vanquished Creatures (others)
  A plant (D:3)
1 creature vanquished.

Grand Total: 138 creatures vanquished

Notes
Turn   | Place    | Note
-------+----------+-------------------------------------------
     0 | D:1      | empire the Minotaur Fighter began the quest for the Orb.
     0 | D:1      | Reached XP level 1. HP: 19/19 MP: 0/0
   111 | D:1      | Reached skill level 3 in Axes
   111 | D:1      | Reached XP level 2. HP: 26/26 MP: 1/1
   455 | D:2      | Reached XP level 3. HP: 31/31 MP: 2/2
   875 | D:2      | Reached skill level 4 in Axes
   922 | D:2      | Reached XP level 4. HP: 18/39 MP: 3/3
  1331 | D:3      | Found a basalt altar of Yredelemnul.
  1485 | D:3      | Reached XP level 5. HP: 31/45 MP: 4/4
  1485 | D:3      | Reached skill level 5 in Axes
  1940 | D:3      | Reached skill level 5 in Shields
  1951 | D:3      | Reached skill level 5 in Armour
  2463 | D:4      | Noticed Grinder
  2479 | D:4      | Killed Grinder
  2479 | D:4      | Reached skill level 6 in Axes
  2479 | D:4      | Reached XP level 6. HP: 50/51 MP: 5/5
  2488 | D:4      | Found a staircase to the Ecumenical Temple.
  2494 | Temple   | Entered the Ecumenical Temple
  2545 | Temple   | Became a worshipper of Cheibriados the Contemplative
  2587 | D:4      | Reached skill level 7 in Axes
  2609 | D:4      | Found a sand-covered staircase.
  2621 | Ossuary  | Entered an ossuary
  2801 | Ossuary  | Reached XP level 7. HP: 45/57 MP: 6/6
  2984 | Ossuary  | Noticed a wraith
  2984 | Ossuary  | Noticed a flying skull
  3018 | Ossuary  | Noticed a flying skull
  3043 | Ossuary  | Noticed a flying skull
  3047 | Ossuary  | Noticed a wraith
  3058 | Ossuary  | Killed a wraith
  3058 | Ossuary  | Reached skill level 8 in Axes
  3082 | Ossuary  | Noticed a flying skull
  3082 | Ossuary  | Noticed a flying skull
  3089 | Ossuary  | Noticed a wraith
  3103 | Ossuary  | Killed a wraith
  3314 | D:4      | Found a shattered altar of Ashenzari.
  3320 | D:4      | Reached * piety under Cheibriados
  3348 | D:4      | Noticed Eustachio
  3356 | D:4      | Killed Eustachio
  3356 | D:4      | Reached skill level 9 in Axes
  3356 | D:4      | Reached XP level 8. HP: 63/64 MP: 7/7
  3480 | D:4      | Noticed Edmund
  3487 | D:4      | Killed Edmund
  3491 | D:4      | Reached skill level 1 in Throwing
  3516 | D:4      | Noticed Blork the orc
  3521 | D:4      | Killed Blork the orc
  3755 | D:5      | Entered Level 5 of the Dungeon
  4115 | D:5      | Reached skill level 10 in Axes
  4386 | D:5      | Noticed Dowan
  4387 | D:5      | Noticed Duvessa
  4390 | D:5      | Killed Duvessa
  4393 | D:5      | Killed Dowan
  4627 | D:5      | Reached ** piety under Cheibriados
  4949 | D:6      | You fall through a shaft for 3 floors!
  5068 | D:6      | HP: 3/66 [wight/enchanted falchion (4)]
  5070 | D:6      | Killed from afar by an orc wizard

Skill      XL: |  1  2  3  4  5  6  7  8 |
---------------+-------------------------+-----
Axes           | 3 4 6 7 9 10 | 10.6
Shields        | 4 5 |  5.0
Armour         | 4 5 6 7 8 |  8.2
Throwing       | 2 |  2.8
Fighting       | |  3.7

Action                   |  1- 3 |  4- 6 |  7- 9 || total
-------------------------+-------+-------+-------++-------
Melee: War axe           |   105 |   141 |    62 ||   308
       Headbutt          |    11 |    26 |    24 ||    61
       Battleaxe         |       |       |    38 ||    38
       Hand axe          |       |       |     1 ||     1
  Use: Potion            |       |     2 |     2 ||     4
       Scroll            |       |       |     8 ||     8
  Eat: Chunk             |       |     5 |     3 ||     8
       Ration            |       |       |     1 ||     1
Armor: Scale mail        |    23 |       |       ||    23
       Plate armour      |    28 |    80 |    56 ||   164
Dodge: Dodged            |    18 |    26 |    21 ||    65
Block: Shield            |    51 |    61 |    28 ||   140
